 Dungeon Crawl Stone Soup version 0.24-a0-381-g637bb3806f (webtiles) character file.

Game seed: 9297644130177280159

835 Amnesiac the Changer (level 7, 0/45 HPs)
             Began as an Octopode Transmuter on June 3, 2019.
             Was an Initiate of Gozag.
             Slain by an ufetubus (1 damage)
             ... summoned by Eustachio
             ... on level 5 of the Dungeon.
             The game lasted 00:14:12 (4590 turns).

Amnesiac the Changer (Octopode Transmuter)          Turns: 4590, Time: 00:14:13

Health: 0/45       AC:  2    Str: 10      XL:     7   Next: 99%
Magic:  7/10       EV: 13    Int: 15      God:    Gozag
Gold:   503        SH:  0    Dex: 13 (14) Spells: 5/10 levels left

rFire    . . .     SeeInvis .     - Unarmed
rCold    . . .     Gourm    .   (no shield)
rNeg     + . .     Faith    .   m - +1 hat
rPois    .         Spirit   .   (no amulet)
rElec    .         Reflect  .   b - ring of positive energy
rCorr    .         Harm     .   (no ring)
MR       .....                  (no ring)
Stlth    +++.......             (no ring)
HPRegen  0.15/turn              (no ring)
MPRegen  0.12/turn              (no ring)
                                (no ring)
                                (no ring)

@: no status effects
A: almost no armour, stealthy swim, amphibious, 8 rings, constrict 8, camouflage
1, gelatinous body 1
a: Potion Petition, Call Merchant, Bribe Branch, Renounce Religion


You were on level 5 of the Dungeon.
You worshipped Gozag.
Gozag was pleased with you.
You were not hungry.

You visited 2 branches of the dungeon, and saw 6 of its levels.
You also visited: Sewer.

You collected 563 gold pieces.
You paid 60 gold pieces to Gozag.

Inventory:

Missiles
 a - 88 arrows
 d - 2 silver javelins (quivered)
Armour
 m - a +1 hat (worn)
Magical Staves
 q - an uncursed staff of power
Jewellery
 b - a ring of positive energy (left tentacle)
 o - an uncursed ring of see invisible
Scrolls
 i - 3 scrolls of amnesia {!r}
 n - 2 scrolls of identify {!r}
 p - a scroll of remove curse {!r}
 r - a scroll of teleportation {!r}
Potions
 e - 4 potions of curing {!q}
 f - a potion of heal wounds {!q, unknown}
 g - a potion of ambrosia {!q, unknown}
 h - a potion of cancellation {!q, unknown}
 j - a potion of degeneration {!q, unknown}
 k - a potion of brilliance {!q}
 l - a potion of berserk rage {!q}
Comestibles
 c - 10 rations


   Skills:
 - Level 2.2 Fighting
 - Level 2.0 Dodging
 + Level 2.6 Stealth
 * Level 6.2 Unarmed Combat
 - Level 2.0 Spellcasting
 * Level 6.3 Transmutations


You had 5 spell levels left.
You knew the following spells:

 Your Spells              Type           Power        Failure   Level  Hunger
b - Sticks to Snakes      Tmut           ###.....     2%          2    ###....
e - Spider Form           Tmut/Pois      ##........   19%         3    ###....

Your spell library contained the following spells:

 Spells                   Type           Power        Failure   Level  Hunger
 Beastly Appendage        Tmut           ###...       1%          1    #......
 Blade Hands              Tmut           ###.......   43%         5    ######.
 Ice Form                 Ice/Tmut       ##......     52%         4    #####..


Dungeon Overview and Level Annotations

Branches:
Dungeon (5/15)             Temple (1/1) D:5

Altars:
Cheibriados
Dithmenos
Elyvilon
Fedhas
Gozag
Hepliaklqana
Kikubaaqudgha
Makhleb
Nemelex Xobeh
Okawaru
Qazlal
Ru
Sif Muna
Trog
Uskayaw
Vehumet
Xom
Yredelemnul
Zin
The Shining One

Annotations:
D:5 Eustachio


Innate Abilities, Weirdness & Mutations

You cannot wear most types of armour.
You are very stealthy in the water. (Stealth+)
You are amphibious.
You can wear up to eight rings at the same time.
You can use your tentacles to constrict eight enemies at once.
Your skin changes colour to match your surroundings (Stealth+).
Your rubbery body absorbs attacks. (AC +1, EV +1)


Message History

The shadow imp is heavily wounded.
The quasit misses your ball python. The quasit claws your ball python. x2
Eustachio mumbles some strange words.
Eustachio blinks!
The white imp misses you. The shadow imp gestures at you.
You struggle to resist.
The quokka bites you but does no damage.
You closely miss the shadow imp. You grab the shadow imp.
The shadow imp is heavily wounded.
You constrict the shadow imp.
The quasit closely misses your ball python.
The quasit claws your ball python. x2
Your ball python dies!
The white imp hits you. The white imp freezes you.
The shadow imp grins evilly.
The shadow imp misses you. The quokka misses you.
You tentacle-slap the shadow imp.
The shadow imp is almost dead.
You constrict the shadow imp, but do no damage.
The quokka closely misses you. The white imp barely misses you.
The shadow imp closely misses you.
The quasit bites you but does no damage.
The quasit claws you but does no damage.
The quasit claws you.
You feel clumsy. The quokka bites you.
You tentacle-slap the shadow imp.
You kill the shadow imp!
The quasit barely misses you.
The quasit claws you but does no damage. x2
The quokka bites you. The white imp closely misses you. The quokka bites you.
You tentacle-slap the quokka.
You kill the quokka!
The quokka's corpse disappears in a puff of smoke!
The quasit closely misses you. x2; The quasit barely misses you.
The quokka bites you.
* * * LOW HITPOINT WARNING * * *
The quokka bites you.
* * * LOW HITPOINT WARNING * * *
Eustachio gestures wildly while chanting.
The white imp shouts, "Run away, thou unctious full-gorged nert!"
The white imp gestures at you. The puff of frost hits you!
* * * LOW HITPOINT WARNING * * *
The quokka barely misses you. The ufetubus hits you.
* * * LOW HITPOINT WARNING * * *
The ufetubus misses you.
You tentacle-slap Eustachio. You grab Eustachio.
Eustachio is moderately wounded.
You constrict Eustachio.
The white imp disappears in a puff of smoke!
The ufetubus misses you. The ufetubus closely misses you.
The quokka twitches its whiskers.
The quokka barely misses you. The quokka bites you.
* * * LOW HITPOINT WARNING * * *
Eustachio hits you with a +0 rapier.
* * * LOW HITPOINT WARNING * * *
The quasit closely misses you. The quasit barely misses you.
The quasit closely misses you.
You tentacle-slap Eustachio.
Eustachio is heavily wounded.
You constrict Eustachio. The ufetubus barely misses you. The ufetubus hits you.
You die...
Your body crumbles into a pile of gold.

###########
#.........############
#.........#...........
#.........+...........
#.........#...........
#.........#...........
#.........###..##..###
###..rr.....#####..###
#..@5ยง....#......#..
#.5@......#......#..
#..5......+......#..
#.........#......'..
#.........#......#..
#.........##...####.
###+##.....#...####.
#.....'...#....
+.....#...#....


You could see Eustachio, a quasit, a shadow imp, an ufetubus and 2 quokkas.

Vanquished Creatures
  Menkaure (D:4)
  An ogre (D:5)
  2 bullfrogs (Sewer)
  3 hounds
  A jelly (D:5)
  5 orc wizards
  An iguana (D:4)
  Robin (D:2)
  4 gnolls (D:3)
  7 adders
  An ooze (D:1)
  An adder skeleton (D:4)
  2 worms
  A dart slug (D:2)
  3 leopard geckos
  14 orcs
  5 ball pythons
  8 giant cockroaches
  18 goblins
  6 hobgoblins
  2 jackals (D:1)
  4 bats
  8 frilled lizards
  7 kobolds
  8 rats
114 creatures vanquished.

Notes
Turn   | Place    | Note
-------+----------+-------------------------------------------
     0 | D:1      | Amnesiac the Octopode Transmuter began the quest for the
                  | Orb.
     0 | D:1      | Reached XP level 1. HP: 13/13 MP: 3/3
   115 | D:1      | Reached XP level 2. HP: 14/18 MP: 5/5
   124 | D:1      | Learned a level 2 spell: Sticks to Snakes
   466 | D:3      | Reached XP level 3. HP: 9/23 MP: 6/6
   484 | D:3      | Learned a level 3 spell: Spider Form
   605 | D:3      | Found a shadowy altar of Dithmenos.
   723 | D:3      | Found a glowing drain.
   741 | D:3      | Reached XP level 4. HP: 10/28 MP: 3/7
   934 | Sewer    | Entered a sewer
  1122 | Sewer    | Noticed a bullfrog
  1122 | Sewer    | Noticed a bullfrog
  1143 | Sewer    | Killed a bullfrog
  1143 | Sewer    | Reached XP level 5. HP: 34/34 MP: 5/8
  1357 | D:3      | Reached XP level 6. HP: 27/39 MP: 9/9
  1408 | D:3      | Found an iron altar of Okawaru.
  1990 | D:4      | Noticed Menkaure
  2003 | D:4      | Killed Menkaure
  2003 | D:4      | Reached skill level 5 in Unarmed Combat
  2003 | D:4      | Reached skill level 5 in Transmutations
  2107 | D:5      | Entered Level 5 of the Dungeon
  2109 | D:5      | Found a hide-covered altar of Uskayaw.
  2124 | D:5      | Reached XP level 7. HP: 45/45 MP: 6/10
  2209 | D:5      | Found a staircase to the Ecumenical Temple.
  2217 | Temple   | Entered the Ecumenical Temple
  2224 | Temple   | Became a worshipper of Gozag Ym Sagoz the Greedy
  2908 | D:2      | Reached skill level 1 in Stealth
  3312 | D:2      | Noticed Robin
  3468 | D:2      | Killed Robin
  3599 | D:2      | Found a shimmering altar of Xom.
  3599 | D:2      | Found a blossoming altar of Fedhas.
  4546 | D:5      | Noticed Eustachio
  4589 | D:5      | HP: 1/45 [Eustachio/+0 rapier (6)]
  4590 | D:5      | Slain by an ufetubus

Levels and vault maps discovered:
D:1:      dpeg_arrival_concentric_ovals, layout_basic, minmay_tromino_i2
D:2:      layout_basic, gammafunk_temple_overflow_elements, nrook_uturn,
          minmay_cupped, uniq_robin
D:3:      layout_basic, nicolae_dithmenos_shadow_blocks, old_standard_altar,
          portal_sewer_entry_d, first_ration, nrook_mini_vaults,
          serial_park_tiny_1, cheibrodos_gnoll_hut
D:4:      layout_gridville, uniq_menkaure
D:5:      layout_gridville, eat_drink_and_be_merry_uskayaw,
          minmay_temple_entry_wispy, uniq_eustachio
Temple:   nicolae_temple_no_exploring_needed

Skill      XL: |  1  2  3  4  5  6  7 |
---------------+----------------------+-----
Transmutations | 3 4 5 6 |  6.3
Unarmed Combat | 4 5 6 |  6.2
Fighting       | 2 |  2.2
Stealth        | 2 |  2.6
Dodging        | |  2.0
Spellcasting   | |  2.0

Action                   |  1- 3 |  4- 6 |  7- 9 || total
-------------------------+-------+-------+-------++-------
Melee: Unarmed           |    64 |    75 |   140 ||   279
       Tentacles         |    11 |    14 |    18 ||    43
       Constrict         |     9 |    18 |    35 ||    62
       Punch             |       |       |     4 ||     4
 Cast: Spider Form       |     3 |     5 |     6 ||    14
       Sticks to Snakes  |     3 |     2 |     4 ||     9
  Use: Scroll            |     4 |       |     6 ||    10
       Potion            |     1 |       |       ||     1
 Stab: Sleeping          |     3 |       |     9 ||    12
       Distracted        |       |     1 |       ||     1
  Eat: Chunk             |       |     5 |       ||     5
       Ration            |       |       |     3 ||     3
Armor: Skin              |     1 |     3 |    28 ||    32
Dodge: Dodged            |    34 |    46 |   134 ||   214

Table legend:
 A = Non-vault XP
 B = Vault XP
 C = Vault XP percentage of total XP
 D = Non-vault monster count
 E = Vault monster count
 F = Vault count percentage of total count
                 A         B        C        D         E       F
            +---------+---------+-------+---------+---------+-------
      Total |     674 |     520 |  43.6 |      75 |      39 |  34.2
            +---------+---------+-------+---------+---------+-------
        D:1 |      77 |       2 |   2.5 |      18 |       1 |   5.3
        D:2 |     109 |      52 |  32.3 |      25 |      15 |  37.5
        D:3 |     177 |     107 |  37.7 |      22 |       4 |  15.4
        D:4 |     106 |     158 |  59.8 |       7 |       1 |  12.5
        D:5 |     205 |       0 |   0.0 |       3 |       0 |   0.0
      Sewer |       0 |     201 | 100.0 |       0 |      18 | 100.0
            +---------+---------+-------+---------+---------+-------
